 Dungeon Crawl Stone Soup version 0.20.0-15-g7f486f2 (webtiles) character file.

48 anfisbena the Slasher (level 3, -10/29 HPs)
             Began as a Demonspawn Abyssal Knight on June 16, 2017.
             Was a Follower of Lugonu.
             Splashed by Ijyb's acid (11 damage)
             ... on level 3 of the Dungeon.
             The game lasted 00:01:40 (1477 turns).

anfisbena the Slasher (Demonspawn Abyssal Knight)   Turns: 1477, Time: 00:01:41

Health: -10/29     AC:  2    Str: 12    XL:     3   Next: 50%
Magic:  4/4        EV: 11    Int: 13    God:    Lugonu [*.....]
Gold:   116        SH:  0    Dex: 13    Spells: 2/2 levels left

rFire    . . .     SeeInvis .   a - +1 falchion
rCold    . . .     Gourm    .   (no shield)
rNeg     . . .     Faith    .   b - +0 leather armour
rPois    .         Spirit   .   l - +1 helmet
rElec    .         Reflect  .   (no cloak)
rCorr    .         Harm     .   (no gloves)
MR       .....                  (no boots)
Stlth    +.........             (no amulet)
Regen    0.1/turn               (no ring)
MPRegen  0.1/turn               (no ring)

@: corroded
A: rugged brown scales 1
a: Depart the Abyss, Renounce Religion


You were on level 3 of the Dungeon.
You worshipped Lugonu.
Lugonu was aware of your devotion.
You were not hungry.

You visited 1 branch of the dungeon, and saw 3 of its levels.
You visited the Abyss 1 time.

You collected 116 gold pieces.

Inventory:

Hand Weapons
 a - a +1 falchion (weapon)
Armour
 b - a +0 leather armour (worn)
 l - a +1 helmet (worn)
Wands
 h - a wand of iceblast (5/15)
Scrolls
 d - 5 scrolls of identify {unknown}
 f - 2 scrolls of remove curse {unknown}
 o - a scroll of teleportation {unknown}
 p - a scroll of fear {unknown}
Potions
 e - 3 potions of curing
 g - 2 potions of brilliance {unknown}
 i - a potion of flight {unknown}
 k - a potion of heal wounds {unknown}
 n - a potion of degeneration {unknown}
Comestibles
 c - a bread ration
 j - a royal jelly
 m - 2 meat rations
 q - 2 chunks of flesh


   Skills:
 - Level 3.0 Fighting
 + Level 3.5 Long Blades
 - Level 1.7 Armour
 - Level 0.8 Dodging
 - Level 2.4 Invocations


You had 2 spell levels left.
You didn't know any spells.

Dungeon Overview and Level Annotations

Branches:
Dungeon (3/15)

Altars:

Annotations:
D:3 Ijyb


Innate Abilities, Weirdness & Mutations

You are partially covered in rugged brown scales. (AC +1, +3% HP)


Message History

You are too injured to fight recklessly!
You are too injured to fight recklessly!
You are too injured to fight recklessly!
You are too injured to fight recklessly!
You are too injured to fight recklessly!
You are too injured to fight recklessly!
There are monsters nearby!
There are monsters nearby!
It was a potion of curing.
You feel better. The ooze closely misses you.
You riposte.
You barely miss the ooze.
The ooze is lightly wounded.
You feel better. The ooze hits you but does no damage.
You hit the ooze but do no damage.
The ooze is lightly wounded.
The ooze hits you but does no damage.
Ijyb grins evilly.
Ijyb zaps a wand.
The bolt of acid hits you!
* * * LOW HITPOINT WARNING * * *
The acid corrodes you!
You are splashed with acid!
The acid burns!
You die...

#.#.# ..$ #.#.# ....
#.#.###....
########.#.......
.................
######.......##
#.......# . #.
#......[##.... #.
###.....@g...... ###.
#........J...###
..#.#####....##+##.$.#
........'....# ...#
..#.#####....# ..#
###..........# ..#
##..###.....# .#
#...).#.....# .#
##.....#.....#


You could see Ijyb and an ooze.

Vanquished Creatures
  A gnoll (D:2)
  An adder (D:3)
  A dart slug (D:1)
  4 bats
  3 giant cockroaches (D:1)
  4 hobgoblins (D:1)
  2 kobolds (D:1)
  A frilled lizard (D:3)
  6 goblins (D:1)
  A rat (D:1)
24 creatures vanquished.

Notes
Turn   | Place    | Note
-------+----------+-------------------------------------------
     0 | Abyss:1  | anfisbena the Demonspawn Abyssal Knight began the quest for the Orb.
     0 | Abyss:1  | Reached XP level 1. HP: 18/18 MP: 2/2
   108 | Abyss:3  | Found a corrupted altar of Lugonu.
   138 | Abyss:3  | Noticed a smoke demon
   164 | Abyss:4  | Found a corrupted altar of Lugonu.
   187 | Abyss:4  | Noticed a thrashing horror
   187 | D:1      | Escaped the Abyss
   383 | D:1      | Reached * piety under Lugonu
   399 | D:1      | Gained mutation: You are partially covered in rugged brown scales. (AC +1, +3% HP) [demonic ancestry]
   399 | D:1      | Reached XP level 2. HP: 11/24 MP: 3/3
  1094 | D:2      | Reached XP level 3. HP: 12/29 MP: 4/4
  1472 | D:3      | Noticed Ijyb
  1474 | D:3      | HP: 1/29 [acid (13)]
  1477 | D:3      | Splashed by Ijyb's acid

Skill      XL: |  1  2 |
---------------+-------+-----
Long Blades    | 2 3 |  3.5
Fighting       | |  3.0
Armour         | |  1.7
Dodging        | |  0.8
Invocations    | |  2.4

Action                   || total
-------------------------++-------
Melee: Falchion          ||    79
Invok: Depart the Abyss  ||     1
  Use: Potion            ||     2
  Eat: Chunk             ||     2
Armor: Leather armour    ||    41
Dodge: Dodged            ||    57
       Rpst.: Falchion   ||    21
